 Dungeon Sprint DCSS version 0.32-a0-350-g4f4d228785 (webtiles) character file.

Game seed: 14868359251402098241

39942 rocky1 the Shatterer (level 13, -3/214 HPs)
             Began as a Mountain Dwarf Fighter on Feb 18, 2024.
             Was an Initiate of Gozag.
             Succumbed to a naga ritualist's toxic radiance
             ... in the Dungeon (Sprint IX: "|||||||||||||||||||||||||||||").
             The game lasted 00:17:24 (5927 turns).

rocky1 the Shatterer (Mountain Dwarf Fighter)       Turns: 5927, Time: 00:17:24

Health: -3/214     AC: 30    Str: 22    XL:     13   Next: 71%
Magic:  25/26      EV: 14    Int: 16    God:    Gozag
Gold:   3918       SH:  0    Dex:  9    Spells: 22/30 levels left

rFire   . . .        u - +0 great mace (protect)
rCold   . . .        (shield currently unavailable)
rNeg    . . .        C - +5 ring mail "Peaddiab" {Slay+3}
rPois   .            Q - +3 crown of Dyrovepreva {rElec Int+2 SInv}
rElec   +            P - +1 cloak
rCorr   .            (no gloves)
SInv    +            L - +2 pair of boots {rampage}
Will    +....        N - amulet of regeneration Stlth
                     q - +2 ring of evasion
HPRegen 1.35/turn    p - +3 ring of intelligence
MPRegen 0.20/turn

%: no teleportation, rampage
@: berserking (expiring), lethally poisoned (-3 -> -72), gold aura, under a
protective aura, very quick
A: runic magic, artefact enchanting
a: Renounce Religion, Potion Petition, Call Merchant, Bribe Branch


You were in the Dungeon.
You worshipped Gozag.
Gozag was most pleased with you.
You visited 1 branch You collected 14163 gold pieces.
You spent 7573 gold pieces at shops.
You paid 2672 gold pieces to Gozag.

Inventory:

Hand Weapons
 a - a +0 flail
 m - a +2 morningstar of protection
 u - a +0 great mace of protection (weapon)
Missiles
 x - 4 curare-tipped darts (quivered)
Armour
 B - the +5 ring mail of the Forest {Will+ rCorr}
   (You bought it in a shop in the Dungeon)

   Will+:     It increases your willpower.
   rCorr:     It protects you from acid and corrosion.
 C - the +5 ring mail "Peaddiab" (worn) {Slay+3}
   (You bought it in a shop in the Dungeon)

   Slay+3:    It affects your accuracy & damage with ranged weapons and melee
   (+3).
 L - a +2 pair of boots of rampaging (worn)
 M - the +5 plate armour of Optimism {Will+}
   (You bought it in a shop in the Dungeon)

   Will+:     It increases your willpower.
 P - a +1 cloak (worn)
 Q - the +3 crown of Dyrovepreva (worn) {rElec Int+2 SInv}
   (You found it in the Dungeon)

   Int+2:     It affects your intelligence (+2).
   rElec:     It insulates you from electricity.
   SInv:      It lets you see invisible.
Jewellery
 p - a +3 ring of intelligence (right hand)
 q - a +2 ring of evasion (left hand)
 t - a ring of see invisible
 y - an amulet of magic regeneration
 N - an amulet of regeneration (around neck)
 O - a ring of fire
Wands
 w - a wand of flame (11)
 z - a wand of roots (4)
Scrolls
 b - 5 scrolls of fear
 c - a scroll of butterflies
 d - a scroll of poison
 j - a scroll of brand weapon
 k - 3 scrolls of amnesia
 r - 3 scrolls of fog
 A - a scroll of vulnerability
 D - 2 scrolls of immolation
 H - a scroll of revelation
Potions
 e - 10 potions of curing
 f - 7 potions of heal wounds
 g - 2 potions of haste
 h - 4 potions of magic
 i - a potion of invisibility
 l - 2 potions of mutation
 n - 2 potions of brilliance
 E - 2 potions of ambrosia
 F - a potion of lignification
 I - a potion of berserk rage
 J - 2 potions of enlightenment


   Skills:
 - Level 21.2 Fighting
 - Level 23.1 Maces & Flails
 - Level 17.4 Armour
 - Level 5.8 Dodging
 - Level 13.7 Shields
 + Level 9.2 Spellcasting
 + Level 12.9 Fire Magic
 - Level 5.3 Evocations


You had 22 spell levels left.
You knew the following spells:

 Your Spells              Type           Power      Damage    Failure   Level
a - Ignition              Fire           24%        3d8       98%         8

Your spell library contained the following spells:

 Spells                   Type           Power      Damage    Failure   Level
 Inner Flame              Hex/Fire       28%        N/A       2%          3
 Volatile Blastmotes      Fire/Tloc      56%        2d14      2%          3
 Apportation              Tloc           14%        N/A       11%         1
 Necrotise                Necr           28%        1d5       11%         1
 Jinxbite                 Hex            14%        N/A       16%         2
 Static Discharge         Conj/Air       14%        3-4/arc   16%         2
 Fugue of the Fallen      Necr           7%         N/A       32%         3
 Mephitic Cloud           Conj/Alch/Air  7%         N/A       32%         3
 Ozocubu's Armour         Ice            7%         N/A       32%         3
 Summon Ice Beast         Ice/Summ       7%         N/A       32%         3
 Vampiric Draining        Necr           7%         2d6       32%         3
 Airstrike                Air            3%         2d(1-17)  71%         4
 Brom's Barrelling Bould  Conj/Erth      7%         2d3       71%         4
 Fulminant Prism          Conj/Alch      3%         3d5       71%         4
 Iskenderun's Mystic Bla  Conj/Tloc      7%         2d4       71%         4
 Manifold Assault         Tloc           7%         N/A       71%         4
 Martyr's Knell           Necr/Summ      7%         N/A       71%         4
 Alistair's Intoxication  Alch           4%         N/A       96%         5
 Curse of Agony           Necr           7%         N/A       96%         5
 Irradiate                Conj/Alch      3%         3d12      96%         5
 Summon Mana Viper        Hex/Summ       7%         N/A       96%         5
 Dispersal                Tloc           3%         N/A       100%        6
 Haunt                    Necr/Summ      3%         N/A       100%        7
 Monstrous Menagerie      Summ           3%         N/A       100%        7
 Infestation              Necr           3%         N/A       100%        8
 Animate Dead             Necr           Unusable   N/A       N/A         4

Dungeon Overview and Level Annotations

Branches:
Dungeon (1/1)

Altars:
Cheibriados
Dithmenos
Elyvilon
Fedhas
Gozag
Hepliaklqana
Kikubaaqudgha
Makhleb
Nemelex Xobeh
Okawaru
Qazlal
Ru
Sif Muna
Trog
Uskayaw
Vehumet
Wu Jian
Xom
Yredelemnul
Zin
The Shining One
Beogh
Jiyva
Lugonu

Shops:
D *??![


Innate Abilities, Weirdness & Mutations

Your spellcasting is much less encumbered by armour.
You can use scrolls of enchantment on lesser artefacts.


Message History

The splash of poison hits you!!
You are more poisoned.
* * * LOW HITPOINT WARNING * * *
You bludgeon the nagaraja!!
The nagaraja is moderately wounded.
You feel extremely sick. The nagaraja spits poison at you.
The splash of poison hits you.
You are lethally poisoned!
* * * LOW HITPOINT WARNING * * *
You bludgeon the nagaraja!!
The nagaraja is heavily wounded.
* * * LOW HITPOINT WARNING * * *
You feel extremely sick.
* * * LOW HITPOINT WARNING * * *
You are more poisoned.
* * * LOW HITPOINT WARNING * * *
You are more poisoned.
The naga warrior roars a battlecry!
The nagas go into a battle-frenzy!
The nagaraja barely misses you. The nagaraja closely misses you.
You bludgeon the nagaraja!!
The nagaraja is almost dead.
* * * LOW HITPOINT WARNING * * *
You feel extremely sick.
Unknown command.
You beat the nagaraja like a drum!!!
You kill the nagaraja!
* * * LOW HITPOINT WARNING * * *
You feel extremely sick.
* * * LOW HITPOINT WARNING * * *
You are more poisoned.
* * * LOW HITPOINT WARNING * * *
You are more poisoned.
The naga warrior is distracted by your dazzling golden aura.
Your Spellcasting skill increases to level 9!
Unknown command.
You barely miss the naga ritualist.
You die...
Your body crumbles into a pile of gold.

_▓.▓.▓.▓)▓.▓[▓.♣.♣
_▓.▓'▓.▓)▓.▓[▓.♣.♣
_▓.▓.▓.▓)▓.▓.▓.♣.♣
_▓.▓.▓.▓)▓.▓.▓.♣.♣
_▓.▓.▓.▓)▓.▓.▓.♣$♣
_▓.▓.▓.▓)▓.▓.▓.▓'▓
_▓.▓.▓.▓)▓.▓.▓.▓$▓
_▓.▓.▓.▓)▓.▓.▓.▓$▓
_▓.▓.▓.▓.▓.▓.▓.▓@▓
_▓.▓.▓.▓.▓.▓.▓.▓N▓
_▓.▓.▓.▓)▓.▓.▓.▓.▓
'▓.▓'▓.▓.▓.▓?▓.▓N▓
.▓.▓.▓.▓.▓.▓'▓.▓N▓
.▓.▓.▓.▓.▓.▓)▓.▓.▓
)▓.▓.▓.▓.▓.▓(▓.▓.▓
.▓.▓.▓.▓.▓.▓.▓.▓+▓
.▓.▓.▓.▓∩▓.▓.▓.▓


You could see a naga warrior (unaware) and 2 naga ritualists.

Vanquished Creatures
  Gastronok (D)
  A tengu reaver (D)
  A nagaraja (D)
  A very ugly thing (D)
  An eleionoma (D)
  A dire elephant (D)
  A bunyip (D)
  An ettin (D)
  3 hydras (D)
  Erolcha (D)
  4 ogre magi (D)
  A merfolk aquamancer (D)
  2 centaur warriors (D)
  Erica (D)
  6 two-headed ogres (D)
  A tengu warrior (D)
  A vampire mage (D)
  Sonja (D)
  A salamander mystic (D)
  A goliath frog (D)
  2 spriggan druids (D)
  A glowing orange brain (D)
  4 orc knights (D)
  A deep elf pyromancer (D)
  6 ugly things (D)
  2 cyclopes (D)
  A will-o-the-wisp (D)
  A salamander (D)
  A moth of wrath (D)
  8 elephants (D)
  3 manticores (D)
  A guardian serpent (D)
  A naga mage (D)
  2 water nymphs (D)
  A cane toad (D)
  An unseen horror (D)
  5 komodo dragons (D)
  A freezing wraith (D)
  A wind drake (D)
  A tyrant leech (D)
  2 merfolk (D)
  2 wyverns (D)
  A wraith (D)
  2 yaks (D)
  A water elemental (D)
  Grum (D)
  A steam dragon (D)
  A naga (D)
  4 water moccasins (D)
  An acid dragon (D)
  A laughing skull (D)
  10 orc warriors (D)
  3 ogres (D)
  A black bear (D)
  4 wolves (D)
  A centaur (D)
  3 bullfrogs (D)
  A howler monkey (D)
  A jelly (D)
  6 orc priests (D)
  An iguana (D)
  2 orc wizards (D)
  5 orcs (D)
  A goblin (D)
  A hobgoblin (D)
  2 quokkas (D)
  A frilled lizard (D)
135 creatures vanquished.

Notes
Turn   | Place    | Note
-------+----------+-------------------------------------------
     0 | D        | rocky1 the Mountain Dwarf Fighter began the quest for the
                  | Orb.
     0 | D        | Reached XP level 1. HP: 19/19 MP: 1/1
    17 | D        | Reached skill level 3 in Maces & Flails
    17 | D        | Reached XP level 2. HP: 19/27 MP: 2/2
    74 | D        | Noticed a black bear
    74 | D        | Noticed a centaur
    80 | D        | Reached skill level 5 in Fighting
    80 | D        | Reached skill level 5 in Armour
    80 | D        | Reached XP level 3. HP: 36/36 MP: 3/3
    82 | D        | Killed a black bear
    83 | D        | Reached skill level 5 in Maces & Flails
    83 | D        | Reached XP level 4. HP: 42/45 MP: 4/4
    86 | D        | Killed a centaur
    87 | D        | Reached XP level 5. HP: 49/52 MP: 5/5
    91 | D        | Reached skill level 6 in Maces & Flails
   155 | D        | Found a roughly hewn altar of Beogh.
   155 | D        | Found a snail-covered altar of Cheibriados.
   155 | D        | Found a shadowy altar of Dithmenos.
   155 | D        | Found a white marble altar of Elyvilon.
   155 | D        | Found a blossoming altar of Fedhas.
   155 | D        | Found an opulent altar of Gozag.
   156 | D        | Found a hazy altar of Hepliaklqana.
   157 | D        | Found a viscous altar of Jiyva.
   158 | D        | Found an ancient bone altar of Kikubaaqudgha.
   159 | D        | Found a corrupted altar of Lugonu.
   160 | D        | Found a burning altar of Makhleb.
   161 | D        | Found a sparkling altar of Nemelex Xobeh.
   162 | D        | Found an iron altar of Okawaru.
   163 | D        | Became a worshipper of Gozag Ym Sagoz the Greedy
   164 | D        | Found a stormy altar of Qazlal.
   165 | D        | Found a sacrificial altar of Ru.
   166 | D        | Found a shimmering blue altar of Sif Muna.
   167 | D        | Found a bloodstained altar of Trog.
   168 | D        | Found a hide-covered altar of Uskayaw.
   169 | D        | Found a radiant altar of Vehumet.
   170 | D        | Found an ornate altar of the Wu Jian Council.
   171 | D        | Found a shimmering altar of Xom.
   172 | D        | Found a basalt altar of Yredelemnul.
   173 | D        | Found a glowing silver altar of Zin.
   174 | D        | Found a glowing golden altar of the Shining One.
   319 | D        | Noticed a wraith
   319 | D        | Noticed an acid dragon
   319 | D        | Noticed an orc warrior
   319 | D        | Noticed a steam dragon
   322 | D        | Reached XP level 6. HP: 47/61 MP: 6/6
   323 | D        | Killed an unseen horror
   324 | D        | Reached skill level 8 in Maces & Flails
   324 | D        | Reached skill level 1 in Dodging
   324 | D        | Reached skill level 1 in Evocations
   324 | D        | Reached XP level 7. HP: 51/70 MP: 7/7
   330 | D        | Killed a wraith
   331 | D        | Reached skill level 10 in Fighting
   331 | D        | Reached skill level 9 in Maces & Flails
   331 | D        | Reached skill level 10 in Armour
   340 | D        | Killed a steam dragon
   341 | D        | Reached XP level 8. HP: 9/80 MP: 8/8
   772 | D        | Noticed a centaur warrior
   772 | D        | Noticed a white ugly thing
   772 | D        | Noticed a cyclops
   772 | D        | Noticed a white ugly thing
   772 | D        | Noticed a manticore
   777 | D        | Killed a centaur warrior
   777 | D        | Killed a cyclops
   778 | D        | Reached skill level 11 in Maces & Flails
   778 | D        | Reached skill level 10 in Shields
   778 | D        | Reached XP level 9. HP: 70/90 MP: 9/9
   781 | D        | Killed a purple ugly thing
   783 | D        | Killed a white ugly thing
   784 | D        | Reached skill level 12 in Maces & Flails
   784 | D        | Reached skill level 5 in Evocations
   788 | D        | Killed a manticore
  1355 | D        | Noticed a cane toad
  1355 | D        | Noticed a komodo dragon
  1362 | D        | Killed a cane toad
  1378 | D        | Killed a komodo dragon
  1379 | D        | Reached skill level 13 in Maces & Flails
  1379 | D        | Reached XP level 10. HP: 33/101 MP: 10/10
  1412 | D        | Reached skill level 14 in Maces & Flails
  1941 | D        | Noticed an elephant
  1954 | D        | Reached skill level 15 in Maces & Flails
  1975 | D        | Killed an elephant
  1976 | D        | Reached skill level 16 in Maces & Flails
  2043 | D        | Noticed an elephant
  2043 | D        | Noticed an elephant
  2043 | D        | Noticed an elephant
  2043 | D        | Noticed a dire elephant
  2043 | D        | Noticed an elephant
  2043 | D        | Noticed an elephant
  2050 | D        | Killed an elephant
  2052 | D        | Noticed an elephant
  2058 | D        | Noticed an elephant
  2063 | D        | Killed a dire elephant
  2066 | D        | Killed an elephant
  2067 | D        | Reached skill level 15 in Fighting
  2067 | D        | Reached XP level 11. HP: 112/112 MP: 11/11
  2077 | D        | Reached skill level 15 in Armour
  2354 | D        | Noticed Gastronok
  2377 | D        | Killed Gastronok
  2382 | D        | Noticed Grum
  2383 | D        | Noticed Sonja
  2395 | D        | Killed Sonja
  2425 | D        | Killed Grum
  2693 | D        | Noticed Erica
  2702 | D        | Killed Erica
  2749 | D        | Noticed an orc knight
  2759 | D        | Killed an orc knight
  2773 | D        | Noticed an orc knight
  2791 | D        | Killed an orc knight
  3144 | D        | Bought a glass wand for 104 gold pieces
  3144 | D        | Bought a scroll labelled HIACUO HETALI for 26 gold pieces
  3144 | D        | Bought a jewelled ring mail for 234 gold pieces
  3144 | D        | Identified the +5 ring mail of the Forest {Will+ rCorr}
                  | (You bought it in a shop in the Dungeon)
  3144 | D        | Bought a scroll of fog for 104 gold pieces
  3144 | D        | Bought a masterwork ring mail for 234 gold pieces
  3144 | D        | Identified the +0 ring mail "Peaddiab" {Slay+3} (You bought
                  | it in a shop in the Dungeon)
  3168 | D        | Noticed an orc knight
  3169 | D        | Noticed an orc knight
  3174 | D        | Killed an orc knight
  3179 | D        | Reached skill level 17 in Maces & Flails
  3183 | D        | Killed an orc knight
  3604 | D        | Found Ceaded's Magic Scroll Emporium.
  3604 | D        | Noticed a two-headed ogre
  3604 | D        | Noticed a two-headed ogre
  3604 | D        | Noticed a two-headed ogre
  3604 | D        | Noticed an ogre mage
  3604 | D        | Noticed a two-headed ogre
  3608 | D        | Noticed a two-headed ogre
  3610 | D        | Killed a two-headed ogre
  3611 | D        | Reached XP level 12. HP: 67/129 MP: 12/12
  3614 | D        | Noticed an ogre mage
  3615 | D        | Killed a two-headed ogre
  3616 | D        | Reached skill level 18 in Maces & Flails
  3650 | D        | HP: 2/130 [two-headed ogre/+0 giant club (13)]
  3651 | D        | Killed a two-headed ogre
  3890 | D        | Killed an ogre mage
  4041 | D        | Killed a two-headed ogre
  4042 | D        | Reached skill level 19 in Maces & Flails
  4105 | D        | Killed a two-headed ogre
  4115 | D        | Killed an ogre mage
  4369 | D        | Found Qocuresh's Distillery.
  4373 | D        | Found Foijon's Magic Scroll Emporium.
  4376 | D        | Found Parafas's Distillery.
  4378 | D        | Noticed an ogre mage
  4380 | D        | Noticed a two-headed ogre
  4383 | D        | Noticed an ogre mage
  4389 | D        | Killed an ogre mage
  4390 | D        | Reached skill level 20 in Maces & Flails
  4393 | D        | Killed a two-headed ogre
  4397 | D        | Killed an ogre mage
  4628 | D        | Bought a scroll of fear for 44 gold pieces
  4628 | D        | Bought a scroll of poison for 44 gold pieces
  4628 | D        | Bought a scroll of brand weapon for 104 gold pieces
  4628 | D        | Bought a scroll of immolation for 44 gold pieces
  4628 | D        | Bought a scroll of fear for 44 gold pieces
  4630 | D        | Bought a potion of curing for 36 gold pieces
  4630 | D        | Bought a potion of heal wounds for 60 gold pieces
  4630 | D        | Bought a potion of heal wounds for 60 gold pieces
  4630 | D        | Bought 2 potions of ambrosia for 192 gold pieces
  4630 | D        | Bought a potion of mutation for 96 gold pieces
  4630 | D        | Bought a potion of lignification for 36 gold pieces
  4630 | D        | Bought a potion of might for 48 gold pieces
  4630 | D        | Bought a potion of curing for 36 gold pieces
  4630 | D        | Bought a potion of haste for 120 gold pieces
  4630 | D        | Bought a potion of degeneration for 12 gold pieces
  4634 | D        | Bought a scroll of butterflies for 48 gold pieces
  4634 | D        | Bought a scroll of fear for 48 gold pieces
  4634 | D        | Bought a scroll of amnesia for 48 gold pieces
  4634 | D        | Bought a scroll of fear for 48 gold pieces
  4634 | D        | Bought a scroll of enchant armour for 90 gold pieces
  4634 | D        | Bought a scroll of revelation for 90 gold pieces
  4634 | D        | Bought a scroll of immolation for 48 gold pieces
  4636 | D        | Bought a potion of heal wounds for 50 gold pieces
  4636 | D        | Bought a potion of curing for 30 gold pieces
  4636 | D        | Bought a potion of berserk rage for 50 gold pieces
  4636 | D        | Bought 2 potions of enlightenment for 100 gold pieces
  4636 | D        | Bought a potion of resistance for 100 gold pieces
  4642 | D        | Bought a pair of runed boots for 225 gold pieces
  4642 | D        | Bought a twisted plate armour for 840 gold pieces
  4642 | D        | Identified the +5 plate armour of Optimism {Will+} (You
                  | bought it in a shop in the Dungeon)
  4665 | D        | Bought Ciwufol's Folio of Aerial Conjuring for 340 gold
                  | pieces
  4665 | D        | Bought a book of Battle for 442 gold pieces
  4665 | D        | Bought a book of Spontaneous Combustion for 646 gold pieces
  4665 | D        | Bought a book of Party Tricks for 374 gold pieces
  4665 | D        | Bought the Octavo of Inhalation and Relocation for 476 gold
                  | pieces
  4665 | D        | Bought a book of Death for 748 gold pieces
  4665 | D        | Bought a book of Blasting for 476 gold pieces
  4665 | D        | Bought a book of Necromancy for 578 gold pieces
  4674 | D        | Learned a level 8 spell: Ignition
  4780 | D        | Found the +3 crown of Dyrovepreva {rElec Int+2 SInv}
  4836 | D        | Noticed a centaur warrior
  4836 | D        | Noticed a five-headed hydra
  4845 | D        | Reached skill level 21 in Maces & Flails
  4846 | D        | Killed a centaur warrior
  4847 | D        | Reached skill level 1 in Spellcasting
  4847 | D        | Reached skill level 1 in Fire Magic
  4849 | D        | Reached skill level 5 in Dodging
  4849 | D        | Noticed a vampire mage
  4856 | D        | Noticed a tengu reaver
  4861 | D        | Killed a five-headed hydra
  4862 | D        | Noticed an ettin
  4870 | D        | Noticed a white very ugly thing
  4874 | D        | Killed a tengu reaver
  4875 | D        | Noticed a tengu warrior
  4882 | D        | Killed a vampire mage
  4883 | D        | Reached skill level 22 in Maces & Flails
  4883 | D        | Reached skill level 5 in Fire Magic
  4892 | D        | Killed an ettin
  4893 | D        | Reached XP level 13. HP: 111/141 MP: 13/18
  4901 | D        | Killed a red very ugly thing
  5003 | D        | Noticed Erolcha
  5009 | D        | Killed Erolcha
  5107 | D        | Reached skill level 5 in Spellcasting
  5113 | D        | Reached skill level 23 in Maces & Flails
  5160 | D        | Noticed a bunyip
  5160 | D        | Noticed an eleionoma
  5169 | D        | Killed a bunyip
  5188 | D        | Killed an eleionoma
  5200 | D        | Reached skill level 10 in Fire Magic
  5904 | D        | Noticed a nagaraja
  5926 | D        | Killed a nagaraja
  5926 | D        | HP: 10/214 [naga ritualist/Olgreb's Toxic Radiance (6)]
  5926 | D        | HP: 4/214 [naga ritualist/Olgreb's Toxic Radiance (6)]
  5927 | D        | Succumbed to a naga ritualist's toxic radiance

Illustrated notes

Levels and vault maps discovered:
D:        linesprint [early_d, line_temple, items_1, d_10, items_2, lair_1,
          lair_end, items_3, orc_1, orc_end, items_4, d_15, swamp_1, shoals_1,
          snake_1, spider_1, d_20, vaults_1, items_5, swamp_end, shoals_end,
          snake_end, spider_end, vaults_end, d_27, items_6, zot_1, zot_end,
          crypt_end, forest_end, elf_end, slime_end, tomb_end, abyss_end,
          pan_hell_end]

Skill      XL: |  1  2  3  4  5  6  7  8  9 10 11 12 13 |
---------------+----------------------------------------+-----
Fighting       | 4 5 6 7 8 9 10 11 13 15 18 20 21 | 21.2
Shields        | 4 6 7 8 9 10 11 12 13 | 13.7
Maces & Flails | 3 5 6 8 9 11 13 16 17 22 23 | 23.1
Armour         | 5 6 7 8 9 10 12 13 14 16 17 | 17.4
Dodging        | 1 2 3 4 5 |  5.8
Evocations     | 1 2 4 5 |  5.3
Spellcasting   | 3 9 |  9.2
Fire Magic     | 5 12 | 12.9

Action                     |  1- 3 |  4- 6 |  7- 9 | 10-12 | 13-15 || total
---------------------------+-------+-------+-------+-------+-------++-------
  Melee: Flail             |    29 |     8 |    20 |       |       ||    57
         Morningstar       |       |       |    22 |   240 |       ||   262
         Great mace        |       |       |       |   140 |   144 ||   284
 Invoke: Call Merchant     |       |       |       |     3 |       ||     3
         Potion Petition   |       |       |       |     1 |       ||     1
  Evoke: Wand              |       |     4 |     6 |       |       ||    10
    Use: Potion            |     1 |       |     2 |     7 |     3 ||    13
         Scroll            |       |       |       |     8 |     1 ||     9
   Stab: Distracted        |       |       |       |     1 |     2 ||     3
 Armour: Scale mail        |    21 |     8 |    33 |       |       ||    62
         Plate armour      |       |       |    10 |   131 |       ||   141
         Ring mail         |       |       |       |    80 |    91 ||   171
         Skin              |       |       |       |     4 |       ||     4
  Dodge: Dodged            |    12 |     4 |    19 |   109 |    50 ||   194
  Block: Buckler           |     4 |     2 |    17 |    39 |       ||    62

Table legend: (Time is in decaauts)
 A = Elapsed time spent in this place.
 B = Non-inter-level travel time spent in this place.
 C = Inter-level travel time spent in this place.
 D = Time resting spent in this place.
 E = Time spent auto-exploring this place.
 F = Levels seen in this place.
 G = Mean time per level.
                   A        B        C        D        E       F      G
               +--------+--------+--------+--------+--------+-----+--------+
         Total |   5786 |   5786 |      0 |   3980 |      0 |   1 | 5786.0 |
       Dungeon |   5786 |   5786 |      0 |   3980 |      0 |   1 | 5786.0 |
               +--------+--------+--------+--------+--------+-----+--------+

Top non-repeatable levels by time:
       D: 5786 daAuts
